Map: Ever Dream LE

Players

FLOVIDXIX - Winner!

  • Race: Protoss Protoss
  • League: Master
  • Spawn Location: 7:00

Lemonio

  • Race: Zerg Zerg
  • League: Diamond
  • Spawn Location: 1:00

VOD

Have the link to the VOD?

Description

Time

  • Played on: June 23, 2020, 6:22 p.m.
  • Length: 19:10
Show
View Real Time Build Order
Export as new Build Order

FLOVIDXIX Protoss - Winner!

Build Orders:  

Get SALT Encoding   

  12  0:01  Probe  
  13  0:13  Probe  
  14  0:18  Pylon  
  14  0:21  Probe  
  15  0:30  Assimilator  
  15  0:32  Probe  
  16  0:44  Probe  
  17  0:55  Probe  
  18  1:03  Probe  
  19  2:49  Probe  
  20  2:57  Probe  
  20  3:05  Probe  
  15  3:31  Probe  
  9  3:37  Gateway  
  9  3:39  Probe  
  9  3:47  Probe  
  11  3:59  Probe  
  12  4:11  Probe  
  13  4:30  Zealot  
  15  4:54  Probe  
  16  5:02  Zealot  
  16  5:06  Probe  
  19  5:09  Assimilator  
  19  5:20  Cybernetics Core  
  19  5:23  Zealot  
  19  5:34  Probe  
  22  5:45  Gateway  
  22  5:58  Probe  
  23  6:13  Assimilator  
  23  6:29  Pylon  
  23  6:32  Shield Battery  
  23  6:47  Probe, Adept  
  23  6:49  Twilight Council  
  23  6:51  Adept  
  28  7:03  Pylon  
  28  7:06  Warp Gate  
  28  7:23  Stargate  
  28  7:54  Nexus  
  28  8:04  Pylon  
  28  8:06  Probe  
  29  8:15  Probe  
  30  8:45  Void Ray  
  22  9:01  Shield Battery  
  26  9:07  Forge  
  26  9:12  Stalker x2  
  26  9:16  Probe  
  31  9:23  Probe  
  32  9:28  Probe  
  33  9:31  Void Ray  
  33  9:44  Probe x2  
  38  9:52  Assimilator  
  39  9:58  Probe  
  40  10:01  Probe  
  41  10:10  Probe  
  41  10:14  Stargate  
  42  10:24  Photon Cannon  
  42  10:28  Probe x2, Assimilator  
  46  11:20  Void Ray x2  
  45  11:35  Pylon  
  45  11:37  Pylon  
  44  11:45  Probe  
  45  11:47  Photon Cannon  
  45  11:58  Probe  
  46  12:13  Oracle x2  
  52  12:21  Pylon  
  52  12:33  Probe  
  53  12:40  Photon Cannon  
  53  12:45  Probe  
  53  12:50  Stargate, Oracle  
  57  12:53  Probe  
  58  12:59  Probe  
  58  13:01  Probe  
  59  13:08  Oracle  
  59  13:11  Probe  
  64  13:27  Oracle  
  67  13:45  Oracle  
  66  13:56  Oracle  
  66  13:59  Nexus  
  66  14:00  Pylon  
  69  14:11  Gateway x2  
  69  14:14  Gateway  
  69  14:15  Twilight Council  
  69  14:18  Oracle  
  69  14:22  Oracle  
  75  14:25  Pylon  
  75  14:29  Photon Cannon  
  75  15:16  Zealot x4  
  75  15:17  Charge  
  75  15:19  Oracle x3  
  92  15:23  Probe  
  93  15:36  Probe  
  94  15:45  Gateway  
  94  15:46  Gateway  
  94  15:47  Gateway  
  94  15:48  Probe  
  91  16:00  Probe  
  83  16:05  Oracle x2  
  83  16:06  Oracle  
  90  16:21  Probe  
  91  16:26  Probe  
  91  16:30  Assimilator  
  91  16:32  Nexus  
  92  16:33  Probe  
  92  16:34  Assimilator  
  92  16:38  Probe  
  94  16:42  Zealot x3  
  94  16:45  Probe  
  101  16:56  Pylon  
  101  17:03  Pylon x2  
  101  17:10  Pylon  
  101  17:12  Pylon  
  101  17:14  Probe, Zealot x2  
  106  17:26  Probe  
  101  17:38  Probe  
  101  17:41  Zealot x2  
  102  17:44  Zealot  
  102  17:46  Void Ray x3  
  120  18:09  Probe, Assimilator  
  120  18:12  Probe  
  122  18:13  Assimilator  
  122  18:18  Photon Cannon  
  122  18:20  Photon Cannon  
  122  18:21  Probe  
  122  18:22  Photon Cannon  
  123  18:33  Probe  
Show
View Real Time Build Order
Export as new Build Order

Lemonio Zerg 

Build Orders: Hatch First 

Get SALT Encoding   

  12  0:01  Drone  
  13  0:13  Overlord  
  13  0:17  Drone  
  14  0:31  Drone x2  
  16  0:37  Drone  
  17  0:50  Drone  
  18  0:59  Hatchery  
  17  1:13  Spawning Pool  
  17  1:15  Drone  
  17  1:19  Drone  
  14  2:17  Zergling x2  
  14  3:06  Zergling x2  
  15  3:15  Zergling x2  
  5  3:43  Drone  
  6  4:01  Drone  
  7  4:13  Drone  
  8  4:30  Drone  
  9  4:36  Drone  
  10  4:44  Drone  
  11  4:52  Drone  
  12  5:02  Drone  
  13  5:13  Drone  
  12  5:23  Drone  
  12  5:26  Drone  
  12  5:27  Drone x2  
  16  5:33  Drone  
  17  5:36  Unknown  
  14  5:58  Spine Crawler  
  14  6:02  Zergling x2  
  14  6:03  Zergling x4  
  16  6:08  Roach Warren  
  15  6:17  Zergling x2  
  16  6:26  Zergling x2  
  17  6:50  Drone  
  17  6:52  Drone  
  17  6:53  Drone x2  
  21  7:14  Queen  
  21  7:15  Hatchery  
  22  7:20  Overlord  
  22  7:36  Extractor  
  21  7:39  Extractor, Drone x3  
  23  7:51  Drone  
  24  8:03  Drone  
  25  8:13  Drone  
  26  8:24  Roach x2  
  28  8:29  Roach  
  30  8:38  Roach  
  30  8:41  Queen  
  33  8:42  Drone x2  
  32  8:51  Drone  
  31  9:01  Drone x3  
  34  9:10  Drone  
  34  9:11  Drone  
  34  9:12  Overlord  
  36  9:20  Overlord  
  36  9:37  Overlord  
  36  9:41  Roach x2  
  40  9:49  Roach  
  42  9:55  Spore Crawler  
  42  9:56  Roach x4  
  49  10:00  Ravager x2  
  49  10:01  Ravager x2  
  49  10:06  Drone x2  
  55  10:11  Overlord  
  55  10:13  Ravager  
  56  10:15  Ravager  
  58  10:21  Ravager  
  58  10:28  Overlord  
  56  10:56  Roach  
  56  10:57  Roach x2  
  57  11:30  Drone x8  
  50  11:49  Hatchery  
  50  11:53  Lair  
  43  11:57  Extractor  
  43  11:58  Spore Crawler  
  34  12:06  Extractor  
  31  12:16  Spore Crawler  
  31  12:17  Spore Crawler  
  30  12:30  Drone x6  
  30  12:35  Spore Crawler  
  34  12:42  Drone  
  35  12:46  Drone  
  35  12:49  Spore Crawler  
  35  12:54  Hydralisk Den  
  35  13:23  Hydralisk x2  
  35  13:24  Hydralisk x3  
  45  13:37  Overlord x2  
  45  13:38  Overlord  
  45  14:01  Hatchery  
  44  14:06  Hydralisk Den  
  43  14:18  Drone  
  43  14:19  Drone x2  
  46  14:36  Grooved Spines  
  46  14:53  Overlord x2  
  46  15:01  Spore Crawler  
  45  15:18  Queen  
  47  15:35  Hydralisk x5  
  57  15:43  Evolution Chamber  
  57  15:47  Muscular Augments  
  39  16:06  Hydralisk x6  
  39  16:10  Zerg Missile Weapons Level 1  
  51  16:30  Hydralisk, Hatchery  
  52  16:33  Overlord  
  52  16:47  Overlord  
  52  16:49  Extractor  
  51  16:55  Hydralisk x4  
  51  16:59  Overlord  
  51  17:00  Overlord  
  59  17:09  Spore Crawler  
  56  17:35  Hydralisk x3  
  56  17:36  Hydralisk x7  
  52  17:53  Hydralisk x4  
  60  18:04  Hydralisk  
  60  18:05  Hydralisk  
  64  18:13  Hydralisk x2  
  54  18:40  Hydralisk x3  
Tags
 
Add a new tag
Caveats
  • Supply blocks, unpowered buildings, or Contaminate may cause inaccurate times.
  • Supply counts are checked every 10 seconds.